 Dungeon Crawl Stone Soup version 0.30-a0-772-g5528072125 (webtiles) character file.

Game seed: 877246687718887276

97593 holysushi the Unseen (level 16, -8/76 HPs)
             Began as a Vine Stalker Monk on Feb 12, 2023.
             Was an Initiate of Gozag.
             Killed from afar by a deep elf knight (14 damage)
             ... with a shard of ice
             ... on level 1 of the Elven Halls.
             The game lasted 00:40:22 (23450 turns).

holysushi the Unseen (Vine Stalker Monk)           Turns: 23450, Time: 00:40:23

Health: -8/76      AC: 23    Str: 14    XL:     16   Next: 20%
Magic:  0/42       EV: 26    Int: 13    God:    Gozag
Gold:   3440       SH: 14    Dex: 27    Spells: 40/40 levels left

rFire   + . .      SeeInvis +    B - +3 short sword (drain)
rCold   . . .      Faith    .    F - +2 buckler
rNeg    . . .      Spirit   +    b - +0 swamp dragon scales
rPois   +          Reflect  +    q - +0 helmet {SInv}
rElec   .          Harm     .    G - +3 cloak of Ytubboupn {rF+ MP+9 Int+3}
rCorr   .          Rampage  .    N - +4 pair of gloves of Bosiuggu {Dex+2}
Will    ++...                    (no boots)
Stlth   ++++++                   L - amulet of reflection
HPRegen 1.12/turn                h - +4 ring of protection
MPRegen 0.28/turn                M - +5 ring of evasion

@: lethally poisoned (-8 -> -9), gold aura
A: fangs 3, regeneration 1, magic shield, antimagic bite, no potion heal 2
a: Renounce Religion, Potion Petition, Call Merchant, Bribe Branch


You were on level 1 of the Elven Halls.
You worshipped Gozag.
Gozag was most pleased with you.
You visited 5 branches of the dungeon, and saw 23 of its levels.
You also visited: Ossuary.

You collected 9200 gold pieces.
You spent 1366 gold pieces at shops.
You paid 4394 gold pieces to Gozag.

Inventory:

Hand Weapons
 a - a +0 quick blade
 B - a +3 short sword of draining (weapon)
 H - a +3 scimitar of flaming
 P - a +0 vampiric rapier
Armour
 b - +0 swamp dragon scales (worn)
 q - a +0 helmet of see invisible (worn)
 A - an orb of light
 F - a +2 buckler (worn)
 G - the +3 cloak of Ytubboupn (worn) {rF+ MP+9 Int+3}
   (You found it on level 5 of the Lair of Beasts)

   Int:       It affects your intelligence (+3).
   rF:        It protects you from fire.
   MP:        It affects your magic capacity (+9).
 N - the +4 pair of gloves of Bosiuggu (worn) {Dex+2}
   (You found it on level 7 of the Dungeon)

   Dex:       It affects your dexterity (+2).
 O - a +2 robe of fire resistance
Jewellery
 h - a +4 ring of protection (left hand)
 k - the ring "Haarik" {Fire Int+6 Slay+3}
   (You found it on level 5 of the Lair of Beasts)

   [ring of fire]

   It enhances your fire magic.
   Int:       It affects your intelligence (+6).
   Slay:      It affects your accuracy & damage with ranged weapons and melee
   (+3).
   rF:        It protects you from fire.
   rC:        It makes you vulnerable to cold.
 L - an amulet of reflection (around neck)
 M - a +5 ring of evasion (right hand)
 S - a ring of see invisible
 X - a ring of ice
Wands
 s - a wand of digging (5)
 u - a wand of mindburst (6)
 x - a wand of light (20)
 y - a wand of charming (9)
 R - a wand of flame (20)
 T - a wand of iceblast (5)
Scrolls
 d - 4 scrolls of teleportation
 l - 3 scrolls of fog
 o - 2 scrolls of enchant weapon
 r - 4 scrolls of fear
 t - a scroll of summoning
 z - 5 scrolls of poison
 C - 2 scrolls of vulnerability
 E - 3 scrolls of identify
 Q - 4 scrolls of blinking
 V - 3 scrolls of enchant armour
Potions
 c - 6 potions of ambrosia
 e - 3 potions of resistance
 f - 5 potions of degeneration
 i - 3 potions of flight
 j - a potion of brilliance
 m - 3 potions of mutation
 n - 5 potions of heal wounds
 v - 3 potions of berserk rage
 w - 5 potions of might
 D - 2 potions of invisibility
 I - 3 potions of attraction
 J - 12 potions of curing
 Y - 2 potions of haste
Miscellaneous
 g - a condenser vane
 U - a phantom mirror


   Skills:
 - Level 5.0 Fighting
 - Level 14.0 Short Blades
 - Level 5.0 Armour
 + Level 12.1 Dodging
 - Level 15.0 Stealth
 - Level 5.0 Shields
 + Level 12.8 Spellcasting
 - Level 6.0 Evocations


You had 40 spell levels left.
You didn't know any spells.
Your spell library contained the following spells:

 Spells                   Type           Power      Damage    Failure   Level
 Beastly Appendage        Tmut           16%        N/A       21%         1
 Magic Dart               Conj           32%        1d4       21%         1
 Sting                    Tmut/Pois      32%        1d4       21%         1
 Call Imp                 Summ           8%         N/A       30%         2
 Ensorcelled Hibernation  Hex/Ice        16%        N/A       30%         2
 Passwall                 Tmut/Erth      6%         N/A       30%         2
 Poisonous Vapours        Pois/Air       16%        N/A       30%         2
 Searing Ray              Conj           16%        2d5       30%         2
 Ignite Poison            Fire/Tmut/Pois 8%         N/A       52%         3
 Inner Flame              Hex/Fire       8%         N/A       52%         3
 Kindle Blastsparks       Fire/Tloc/Air  16%        2d11      52%         3
 Mephitic Cloud           Conj/Pois/Air  8%         N/A       52%         3
 Swiftness                Air            8%         N/A       52%         3
 Vampiric Draining        Necr           8%         2d6       52%         3
 Flame Wave               Conj/Fire      8%         2d5       90%         4
 Fulminant Prism          Conj/Hex       4%         3d5       90%         4
 Olgreb's Toxic Radiance  Pois           8%         N/A       90%         4
 Sticky Flame             Conj/Fire      8%         2d3       90%         4
 Summon Lightning Spire   Summ/Air       8%         N/A       90%         4
 Alistair's Intoxication  Tmut/Pois      5%         N/A       99%         5
 Arcjolt                  Conj/Air       4%         1d14      99%         5
 Borgnjor's Vile Clutch   Necr/Erth      4%         N/A       99%         5
 Fireball                 Conj/Fire      4%         3d4       99%         5
 Freezing Cloud           Conj/Ice/Air   4%         6-21      99%         5
 Iskenderun's Battlesphe  Conj           8%         2d6       99%         5
 Summon Forest            Summ/Tloc      4%         N/A       99%         5
 Summon Mana Viper        Hex/Summ       8%         N/A       99%         5
 Conjure Ball Lightning   Conj/Air       4%         3x3d6     100%        6
 Eringya's Noxious Bog    Tmut/Pois      4%         N/A       100%        6
 Orb of Destruction       Conj           4%         9d5       100%        7
 Storm Form               Tmut/Air       4%         N/A       100%        7
 Summon Hydra             Summ           4%         N/A       100%        7
 Ignition                 Fire           4%         3d4       100%        8
 Maxwell's Capacitive Co  Air            4%         ∞         100%        8


Dungeon Overview and Level Annotations

Branches:
Dungeon (14/15) Zot: 25680  Temple (1/1) D:6 Zot: 5991    Lair (5/5) D:11 Zot: 24067
  Swamp (0/4) Lair:3       Spider (0/4) Lair:3        Slime (0/5) Lair:5
    Orc (2/2) D:11 Zot: 10681     Elf (1/3) Orc:2 Zot: 5921  Vaults (0/5) D:14
Ossuary (visited)

Altars:
Ashenzari
Cheibriados
Dithmenos
Elyvilon
Fedhas
Gozag
Hepliaklqana
Kikubaaqudgha
Makhleb
Nemelex Xobeh
Okawaru
Qazlal
Ru
Sif Muna
Trog
Uskayaw
Vehumet
Wu Jian
Xom
Yredelemnul
Zin
The Shining One
Jiyva

Shops:
D:1 =   D:4 =   D:11 [[[[(   Orc:2 ?*[*

Portals:
Trove: D:11 (give 7 scrolls of blinking)

Annotations:
D:3 exclusion: sky beast
D:6 exclusions: downstairs and 1 more exclusion


Innate Abilities, Weirdness & Mutations

You have razor-sharp teeth.
Your natural rate of healing is unusually fast.
When hurt, damage is shared between your health and your magic reserves.
Your bite disrupts and absorbs the magic of your enemies.
Potions cannot restore your health.


Message History

Your bite misses the +0 trident of venom.
The +0 trident of venom is almost destroyed.
You feel sick. The +0 trident of venom hits you.
You are more poisoned.
You barely miss the +0 trident of venom.
You bite the +0 trident of venom, but do no damage.
The +0 trident of venom is almost destroyed.
You feel sick. The +0 trident of venom hits you!
A deep elf zephyrmancer comes into view.
It is wielding a +0 short sword.
You hit the +0 trident of venom.
Your bite misses the +0 trident of venom.
The +0 trident of venom is almost destroyed.
You feel sick.
You block the +0 trident of venom's attack.
You hit the +0 trident of venom but do no damage.
You bite the +0 trident of venom.
The +0 trident of venom turns to gold and falls from the air.
You feel sick.
The deep elf knight is no longer moving quickly.
The deep elf knight points at you and mumbles some strange words.
The shard of ice hits you!!
You feel sick.
The deep elf knight hits you with a +0 short sword.
The deep elf zephyrmancer gestures at you while chanting.
The bolt of lightning hits you!
* * * LOW HITPOINT WARNING * * *
The bolt of lightning hits the deep elf knight!!
The bolt of lightning hits the deep elf knight!
The bolt of lightning hits you!
* * * LOW HITPOINT WARNING * * *
You hear a shout! x2
You see here 5 gold pieces.
You miss the deep elf knight.
You bite the deep elf knight, but do no damage.
The deep elf knight is severely wounded.
You feel sick.
The deep elf knight points at you and mumbles some strange words.
The shard of ice hits you!!
You die...
Your body crumbles into a pile of gold.

##.##...##.#
#..######
#.## #$$#
##.## #..#
##.#####
#..e#..
###@#.#
#$#.# #.#.#
#e#.#
##$..##
#.....#
#...<.#
#.....#
#######


You could see a deep elf knight (invisible) and a deep elf zephyrmancer.

Vanquished Creatures
  Gastronok (D:8)
  Snorg (Lair:5)
  4 vault guards (D:14)
  The ghost of Pisauk the Severer, a journeyman HOFi of Yredelemnul (Lair:2)
  A yaktaur captain (D:12)
  3 catoblepae
  2 hydras
  4 ogre magi (Orc:2)
  Erica (D:8)
  11 two-headed ogres
  A boulder beetle (D:11)
  A dancing weapon (Elf:1)
  3 centaur warriors
  2 tengu warriors (D:14)
  A deep troll shaman (Lair:5)
  13 death yaks
  2 deep elf knights (Elf:1)
  Lodul (D:13)
  A skeletal warrior (D:14)
  A bog body (Lair:3)
  A deep elf archer (Elf:1)
  An orc knight (Orc:2)
  7 deep elf pyromancers
  2 deep elf zephyrmancers
  2 orc sorcerers (Orc:2)
  An ugly thing (D:13)
  2 oklob plants
  3 manticores
  9 cyclopes
  Maurice (Orc:1)
  22 elephants
  A salamander (shapeshifter) (D:14)
  3 black mambas
  8 cane toads
  A gargoyle (D:11)
  Maggie (D:8)
  Psyche (D:8)
  4 rime drakes
  A kobold demonologist (D:11)
  2 unseen horrors
  6 komodo dragons
  A tengu conjurer (D:14)
  8 trolls
  4 polar bears
  A queen bee (Lair:2)
  3 hornets
  A meliai (Lair:2)
  6 dream sheep
  8 blink frogs
  A water elemental (Elf:1)
  Sigmund (D:5)
  A wyvern (shapeshifter) (D:11)
  A shadow (D:11)
  2 wraiths (D:11)
  19 slime creatures
  5 vampires (D:11)
  2 wyverns
  60 yaks
  7 basilisks
  2 wargs (Orc:2)
  2 vampire mosquitoes (D:13)
  2 acid dragons
  16 water moccasins
  2 black bears (D:7)
  11 orc warriors
  35 ogres
  2 ice beasts
  9 centaurs
  23 wolves
  A phantom (D:6)
  A kobold brigand (D:5)
  An elf zombie (Ossuary)
  11 bullfrogs
  3 necrophages (D:6)
  An earth elemental (Elf:1)
  A gnoll sergeant (D:9)
  3 scorpions
  7 wights
  27 killer bees
  2 oklob saplings (D:9)
  12 howler monkeys
  5 centaur zombies
  3 jellies
  3 hounds
  13 orc priests
  4 iguanas
  Ijyb (D:5)
  18 orc wizards
  7 hell rats
  5 mummies
  A hound zombie (Ossuary)
  14 gnolls
  11 adders
  4 shadow imps
  2 white imps (D:6)
  2 adder zombies (Ossuary)
  2 worms
  2 dart slugs
  65 orcs
  8 ball pythons
  6 endoplasms
  6 giant cockroaches
  4 gnoll zombies (Ossuary)
  5 goblins
  5 hobgoblins
  10 jackals
  9 kobolds
  2 quokkas
  6 bats
  11 frilled lizards
  A goblin zombie (Ossuary)
  4 hobgoblin zombies (Ossuary)
  3 jackal zombies (Ossuary)
  4 kobold zombies (Ossuary)
  An orc zombie (Ossuary)
  3 quokka zombies (Ossuary)
  6 rats
  4 rat zombies (Ossuary)
  3 bushes (Lair:3)
  A butterfly (D:1)
703 creatures vanquished.

Vanquished Creatures (collateral kills)
  2 two-headed ogres (Orc:2)
  A hornet (D:9)
  3 ogres (Orc:2)
6 creatures vanquished.

Vanquished Creatures (others)
  5 two-headed ogres (Orc:2)
  An unseen horror (D:12)
  A scorpion (D:9)
  3 bushes
  27 fungi
  70 plants
107 creatures vanquished.

Grand Total: 816 creatures vanquished

Notes
Turn   | Place    | Note
-------+----------+-------------------------------------------
     0 | D:1      | holysushi the Vine Stalker Monk began the quest for the
                  | Orb.
     0 | D:1      | Reached XP level 1. HP: 11/11 MP: 2/2
    67 | D:1      | Reached XP level 2. HP: 15/16 MP: 1/3
   144 | D:1      | You fall into a shaft and drop 1 floor!
   561 | D:1      | Found Xesomiwa's Jewellery Shop.
   699 | D:1      | Found a faded altar of an unknown god.
  1038 | D:2      | Reached XP level 3. HP: 19/19 MP: 4/4
  1744 | D:3      | Gained mutation: Your natural rate of healing is unusually
                  | fast. [Vine Stalker growth]
  1744 | D:3      | Reached XP level 4. HP: 12/23 MP: 5/5
  1978 | D:3      | Noticed a sky beast
  2805 | D:4      | Reached skill level 5 in Short Blades
  2805 | D:4      | Reached XP level 5. HP: 20/27 MP: 3/6
  3316 | D:4      | Found Tiloi's Jewellery Shoppe.
  3538 | D:4      | Reached XP level 6. HP: 32/32 MP: 7/7
  3886 | D:5      | Entered Level 5 of the Dungeon
  3954 | D:5      | Noticed an ice beast
  4058 | D:5      | Reached XP level 7. HP: 32/35 MP: 8/8
  4072 | D:5      | Noticed Sigmund
  4086 | D:5      | Killed Sigmund
  4172 | D:5      | Gained mutation: You have razor-sharp teeth. [Vine Stalker
                  | growth]
  4172 | D:5      | Reached XP level 8. HP: 22/39 MP: 5/9
  4411 | D:5      | Noticed Ijyb
  4427 | D:5      | Killed Ijyb
  4781 | D:6      | Found a hazy altar of Hepliaklqana.
  4921 | D:6      | Found a snail-covered altar of Cheibriados.
  4957 | D:6      | Found a staircase to the Ecumenical Temple.
  4968 | Temple   | Entered the Ecumenical Temple
  4972 | Temple   | Became a worshipper of Gozag Ym Sagoz the Greedy
  5049 | D:6      | Found a sand-covered staircase.
  5071 | Ossuary  | Entered an ossuary
  5267 | Ossuary  | Reached skill level 5 in Dodging
  5479 | D:6      | Reached XP level 9. HP: 43/43 MP: 10/10
  5545 | D:6      | Identified the +2 ring mail "Coragece" {Rampage SInv}
  5656 | D:6      | Reached skill level 10 in Short Blades
  6204 | D:7      | Found a hide-covered altar of Uskayaw.
  6204 | D:7      | Found a blossoming altar of Fedhas.
  6390 | D:1      | Bought an amulet of reflection for 300 gold pieces
  6390 | D:1      | Bought a +5 ring of evasion for 360 gold pieces
  6669 | D:7      | Identified the +4 pair of gloves of Bosiuggu {Dex+2}
  6756 | D:6      | Reached skill level 3 in Stealth
  6756 | D:6      | Reached skill level 1 in Shields
  6756 | D:6      | Reached skill level 1 in Evocations
  7357 | D:7      | Identified a scroll of acquirement
  7357 | D:7      | Acquired 576 gold pieces
  7436 | D:8      | Reached skill level 4 in Stealth
  7467 | D:8      | Noticed Psyche
  7472 | D:8      | Reached XP level 10. HP: 49/49 MP: 11/11
  7488 | D:8      | Killed Psyche
  7492 | D:8      | Identified the +4 trident of Interdependent Arising {elec,
                  | rElec Will- Dex+5}
  7790 | D:8      | Noticed Erica
  7793 | D:8      | Killed Erica
  7794 | D:8      | Reached skill level 5 in Stealth
  7818 | D:8      | Noticed Maggie
  7821 | D:8      | Killed Maggie
  7992 | D:8      | Noticed Gastronok
  8012 | D:8      | Killed Gastronok
  8013 | D:8      | Reached skill level 5 in Fighting
  8013 | D:8      | Reached skill level 6 in Stealth
  8542 | D:9      | Reached XP level 11. HP: 51/55 MP: 12/12
  9350 | D:10     | Entered Level 10 of the Dungeon
  9448 | D:10     | Noticed a two-headed ogre
  9455 | D:10     | Killed a two-headed ogre
  9765 | D:10     | Reached skill level 7 in Stealth
 10003 | D:10     | Found a bloodstained altar of Trog.
 10272 | D:11     | Noticed a deep elf zephyrmancer
 10276 | D:11     | Killed a deep elf zephyrmancer
 10300 | D:11     | Noticed a cyclops
 10305 | D:11     | Killed a cyclops
 10413 | D:11     | Noticed a moth of wrath
 10419 | D:11     | a moth of wrath changed into an elephant
 10432 | D:11     | a snapping turtle changed into a swamp dragon
 10432 | D:11     | Noticed a swamp dragon (glowing shapeshifter)
 10434 | D:11     | a swamp dragon changed into a dream sheep
 10443 | D:11     | Reached skill level 8 in Stealth
 10510 | D:11     | Noticed a cyclops
 10550 | D:11     | Killed a cyclops
 10551 | D:11     | Reached skill level 5 in Shields
 10551 | D:11     | Reached XP level 12. HP: 60/60 MP: 13/13
 10599 | D:11     | Identified the +8 quarterstaff of Astrial {heavy, rCorr
                  | SInv}
 10632 | D:11     | Noticed a two-headed ogre
 10634 | D:11     | Killed a two-headed ogre
 10635 | D:11     | Reached skill level 5 in Armour
 10635 | D:11     | Reached skill level 1 in Spellcasting
 10644 | D:11     | Found an iron altar of Okawaru.
 10710 | D:11     | Reached skill level 9 in Stealth
 10800 | D:11     | Found a staircase to the Lair.
 10910 | D:11     | Noticed a two-headed ogre
 10913 | D:11     | Killed a two-headed ogre
 10982 | D:11     | Reached skill level 10 in Stealth
 10984 | D:11     | Noticed a boulder beetle
 11000 | D:11     | Killed a boulder beetle
 11090 | D:11     | Found a portal to a secret trove of treasure.
 11203 | D:11     | Found a staircase to the Orcish Mines.
 11827 | D:12     | Reached skill level 10 in Dodging
 11827 | D:12     | Reached skill level 5 in Spellcasting
 12363 | D:12     | Noticed a yaktaur captain
 12432 | D:12     | Killed a yaktaur captain
 12433 | D:12     | Reached XP level 13. HP: 61/63 MP: 24/24
 12651 | D:13     | Noticed Lodul
 12909 | D:13     | Found a blossoming altar of Fedhas.
 13201 | D:13     | Killed Lodul
 13212 | D:13     | Reached skill level 11 in Stealth
 13757 | Lair:1   | Entered Level 1 of the Lair of Beasts
 13884 | Lair:1   | You fall into a shaft and drop 1 floor!
 14159 | Lair:1   | Reached skill level 12 in Stealth
 14865 | Lair:2   | Noticed Pisauk's ghost (journeyman HOFi)
 15091 | Lair:2   | Reached skill level 10 in Spellcasting
 15183 | Lair:2   | Found a transporter.
 15183 | Lair:2   | Found a transporter.
 15191 | Lair:2   | Reached skill level 13 in Stealth
 15671 | Lair:2   | Killed Pisauk's ghost
 15883 | Lair:3   | Found a hole to the Spider Nest.
 16036 | Lair:3   | Reached skill level 14 in Stealth
 16036 | Lair:3   | Reached XP level 14. HP: 68/68 MP: 29/29
 16063 | Lair:3   | Found a staircase to the Swamp.
 16789 | Lair:3   | Got the Volume of Mutable Misfortune
 17181 | Lair:4   | Reached skill level 5 in Evocations
 17284 | Lair:4   | Reached skill level 15 in Stealth
 17577 | Lair:4   | Got the Secrets of Blasted Despair
 18085 | Lair:5   | Entered Level 5 of the Lair of Beasts
 18130 | Lair:5   | Found a viscous altar of Jiyva.
 18132 | Lair:5   | Found a staircase to the Slime Pits.
 18827 | Lair:5   | Reached XP level 15. HP: 62/72 MP: 22/30
 19039 | Lair:5   | Noticed Snorg
 19183 | Lair:5   | Identified the +3 cloak of Ytubboupn {rF+ MP+9 Int+3}
 19792 | Lair:5   | Killed Snorg
 19849 | Lair:5   | Identified the ring "Haarik" {Fire Int+6 Slay+3}
 20094 | D:11     | Bought a +0 helmet of see invisible for 172 gold pieces
 20102 | D:11     | Bought a distressingly furry ring mail for 261 gold pieces
 20102 | D:11     | Identified the +0 ring mail of Temperance {Contam Harm
                  | rCorr SInv} (You bought it in a shop on level 11 of the
                  | Dungeon)
 20671 | D:14     | Found a gate to the Vaults.
 21888 | Orc:1    | Entered Level 1 of the Orcish Mines
 21890 | Orc:1    | Noticed Maurice
 21913 | Orc:1    | Killed Maurice
 22251 | Orc:2    | Entered Level 2 of the Orcish Mines
 22527 | Orc:2    | Found Woebbiuck's Armour Boutique.
 22527 | Orc:2    | Found Laxtiann's Assorted Antiques.
 22528 | Orc:2    | Found Tachepn's Magic Scroll Shoppe.
 22528 | Orc:2    | Found Riothre's General Store.
 22624 | Orc:2    | Reached XP level 16. HP: 76/76 MP: 33/33
 22686 | Orc:2    | Bought a scroll of blinking for 105 gold pieces
 22688 | Orc:2    | Bought a scroll of enchant armour for 105 gold pieces
 22690 | Orc:2    | Bought a scroll of teleportation for 63 gold pieces
 22852 | Orc:2    | Found a staircase to the Elven Halls.
 23341 | Elf:1    | Entered Level 1 of the Elven Halls
 23370 | Elf:1    | Found a radiant altar of Vehumet.
 23450 | Elf:1    | Killed from afar by a deep elf knight

Illustrated notes

Levels and vault maps discovered:
D:1:      spicycebolla_arrival_clurvy, layout_basic, serial_shops,
          nicolae_shop_statue_plus, ebering_ecumenical_altar_webs,
          minmay_worlds_worst_comb
D:2:      layout_basic
D:3:      layout_basic, serial_forest, infiniplex_forest_end_3,
          infiniplex_forest_clump_small, infiniplex_forest_clump_double,
          infiniplex_forest_lined_room_, infiniplex_forest_straight_3,
          infiniplex_forest_zigzag_1, infiniplex_forest_straight_2,
          infiniplex_forest_clump_medium
D:4:      layout_basic, serial_shops, nicolae_shop_stone,
          amcnicky_mini_rare_corridor_liquid, minmay_lizard_king
D:5:      layout_basic, chequers_serial_rivers_small_a, uniq_sigmund, uniq_ijyb
D:6:      layout_loops_ring, general_overflow_altar, slow_altar_2,
          minmay_temple_entry_purple_smoke, serial_aquarium,
          aquarium_bridge_square [aquarium_subvault_bridge,
          aquarium_subvault_window, aquarium_subvault_wall,
          aquarium_subvault_window], aquarium_window_2, aquarium_window_1,
          aquarium_window_fake, aquarium_window_corner, aquarium_view_2f,
          gup_ossuary_entry_pyramid, kennysheep_generic_room_3
D:7:      layout_loops_cross, grunt_temple_overflow_open
D:8:      layout_loops_ring, uniq_erica, uniq_maggie, uniq_gastronok,
          uniq_psyche
D:9:      layout_roguey, introduction_to_nature_2
D:10:     layout_roguey, lemuel_coloured_pillars_altar
D:11:     nicolae_hexawheel, layout_basic, lair_entry_dummy,
          nicolae_trove_entry_crystal, serial_undead, serial_undead_d,
          serial_undead_f, serial_undead_e, serial_undead_a,
          kennysheep_okawaru_gauntlet
D:12:     layout_loops_corners, kennysheep_four_rooms
D:13:     layout_loops_corners, fedhas_altar_2, uniq_lodul
D:14:     layout_stronghold, lightli_vaults_fourway_checkpoint,
          hangedman_decor_slide_cut
Temple:   sentei_temple_godly_chess
Lair:1:   layout_cave_pods
Lair:2:   layout_loops_ring, gammafunk_ghost_hive, grunt_forest_small_clearings
Lair:3:   layout_regular_city, skrybe_swamp_entry_bodies,
          spider_nest_entry_web_field, chequers_serial_rivers_micro_b,
          minmay_lair_oklob_bushes
Lair:4:   layout_layer_cave, nicolae_lair_grazing_beasts
          [nicolae_sub_lair_graze_edge, nicolae_sub_lair_graze_edge,
          nicolae_sub_lair_graze_edge, nicolae_sub_lair_graze_edge],
          infiniplex_staircase_pool_2, grunt_megastairs_5
Lair:5:   grunt_lair_end_beastmaster, layout_cave_shapes, slime_entry_1,
          minivault_26, nicolae_quartered_pool_impasse,
          chequers_serial_rivers_micro_d, uniq_snorg
Orc:1:    layout_diamond_mine, uniq_maurice
Orc:2:    st_orc_ogre_mass, layout_caves
Elf:1:    eino_elf_arrival_altar, layout_gridlike, minmay_elf_crystal_hexagon

Skill      XL: |  1  2  3  4  5  6  7  8  9 10 11 12 13 14 15 16 |
---------------+-------------------------------------------------+-----
Short Blades   | 3 4 5 6 7 9 10 13 14 | 14.0
Dodging        | 3 4 5 7 8 10 11 12 | 12.1
Fighting       | 3 5 |  5.0
Stealth        | 4 6 8 10 14 15 | 15.0
Shields        | 2 3 5 |  5.0
Evocations     | 2 3 6 |  6.0
Armour         | 3 4 5 |  5.0
Spellcasting   | 7 10 12 | 12.8

Action                     |  1- 3 |  4- 6 |  7- 9 | 10-12 | 13-15 | 16-18 || total
---------------------------+-------+-------+-------+-------+-------+-------++-------
  Melee: Short sword       |    99 |   262 |   443 |   761 |  2026 |   162 ||  3753
         Bite              |    25 |    78 |   158 |   318 |   987 |    82 ||  1648
         Punch             |       |     4 |     9 |       |       |       ||    13
 Invoke: Call Merchant     |       |       |       |       |     5 |       ||     5
  Evoke: Wand              |       |       |       |    21 |    16 |       ||    37
         Condenser vane    |       |       |       |       |     2 |       ||     2
         Phantom mirror    |       |       |       |       |     1 |       ||     1
    Use: Potion            |     1 |       |     1 |       |       |       ||     2
         Scroll            |       |       |    17 |     8 |     7 |       ||    32
   Stab: Sleeping          |     3 |     2 |     7 |    18 |    35 |     3 ||    68
         Distracted        |       |       |     2 |    10 |    14 |     1 ||    27
         Invisible         |       |       |       |       |     5 |     1 ||     6
         Petrified         |       |       |       |       |     5 |       ||     5
         Petrifying        |       |       |       |       |     2 |       ||     2
 Armour: Robe              |    23 |    71 |    79 |     2 |       |       ||   175
         Swamp dragon scal |       |       |       |   148 |   308 |    17 ||   473
  Dodge: Dodged            |    47 |   129 |   201 |   360 |  1085 |    56 ||  1878
  Block: Buckler           |       |       |    63 |   343 |  1112 |    74 ||  1592
         Reflection        |       |       |       |    14 |     5 |     6 ||    25

Table legend: (Time is in decaauts)
 A = Elapsed time spent in this place.
 B = Non-inter-level travel time spent in this place.
 C = Inter-level travel time spent in this place.
 D = Time resting spent in this place.
 E = Time spent auto-exploring this place.
 F = Levels seen in this place.
 G = Mean time per level.
                   A        B        C        D        E       F      G
               +--------+--------+--------+--------+--------+-----+--------+
         Total |  21826 |  19802 |   2024 |    774 |  13006 |  24 |  909.4 |
       Dungeon |  14174 |  12933 |   1241 |    643 |   8614 |  14 | 1012.4 |
        Temple |      8 |      8 |      0 |      0 |      0 |   1 |    8.0 |
          Lair |   5933 |   5279 |    654 |    131 |   3430 |   5 | 1186.6 |
  Orcish Mines |   1318 |   1191 |    127 |      0 |    836 |   2 |  659.0 |
   Elven Halls |     77 |     77 |      0 |      0 |      3 |   1 |   77.0 |
       Ossuary |    313 |    313 |      0 |      0 |    123 |   1 |  313.0 |
               +--------+--------+--------+--------+--------+-----+--------+

Top non-repeatable levels by time:
  Lair:4: 1452 daAuts
  Lair:5: 1420 daAuts
     D:3: 1336 daAuts
    D:13: 1234 daAuts
    D:14: 1232 daAuts
    D:11: 1211 daAuts
     D:9: 1169 daAuts
    D:12: 1095 daAuts
     D:6: 1082 daAuts
  Lair:2: 1061 daAuts
  Lair:3: 1016 daAuts
     D:4: 1012 daAuts
     D:1: 1001 daAuts
  Lair:1: 982 daAuts
     D:2: 860 daAuts
